 Dungeon Crawl Stone Soup version 0.30-a0-219-gf2db51d15e (webtiles) character file.

Game seed: 8001907017898164058

5247 LnG the Covert (level 10, -6/56 HPs)
             Began as a Kobold Summoner on Oct 6, 2022.
             Was a Believer of Dithmenos.
             Mangled by a white ugly thing (11 damage)
             ... on level 9 of the Dungeon on Oct 7, 2022.
             The game lasted 00:50:35 (10709 turns).

LnG the Covert (Kobold Summoner)                   Turns: 10709, Time: 00:50:38

Health: -6/56      AC:  8    Str: 11    XL:     10   Next: 93%
Magic:  14/20      EV: 16    Int: 22    God:    Dithmenos [**....]
Gold:   207        SH:  0    Dex: 15    Spells: 9/22 levels left

rFire   + . .      SeeInvis .    I - +4 dagger (chaos)
rCold   + . .      Faith    .    (no shield)
rNeg    . . .      Spirit   .    K - +2 robe {rC+ rF+}
rPois   .          Reflect  .    J - +2 helmet
rElec   .          Harm     .    (no cloak)
rCorr   .          Rampage  .    n - +0 pair of gloves
Will    .....                    (no boots)
Stlth   ++++++++..               d - amulet of magic regeneration
HPRegen 0.29/turn                v - +6 ring of strength
MPRegen 0.57/turn                F - +4 ring of slaying

@: wreathed by umbra
A: small, no large weapons, nightstalker 3
a: Renounce Religion, Shadow Step


You were on level 9 of the Dungeon.
You worshipped Dithmenos.
Dithmenos was pleased with you.
You visited 2 branches of the dungeon, and saw 10 of its levels.
You also visited: Ossuary.

You collected 379 gold pieces.
You spent 172 gold pieces at shops.

Inventory:

Hand Weapons
 I - a +4 dagger of chaos (weapon)
Missiles
 q - a throwing net
Armour
 n - a +0 pair of gloves (worn)
 J - a +2 helmet (worn)
 K - a +2 robe of resistance (worn)
Jewellery
 a - a ring of see invisible
 d - an amulet of magic regeneration (around neck)
 h - a ring of ice
 v - a +6 ring of strength (left hand)
 x - a ring of willpower
 F - a +4 ring of slaying (right hand)
Wands
 g - a wand of charming (12)
 w - a wand of acid (8)
 z - a wand of polymorph (8)
Scrolls
 b - 2 scrolls of immolation
 c - 2 scrolls of noise
 e - 2 scrolls of teleportation {unknown}
 f - 2 scrolls of silence
 i - 2 scrolls of fog
 l - 2 scrolls of amnesia
 m - a scroll of poison {unknown}
 s - a scroll of magic mapping
 y - 3 scrolls of blinking
 A - a scroll of enchant armour {unknown}
 B - a scroll of torment {unknown}
 C - a scroll of enchant weapon {unknown}
Potions
 j - a potion of flight {unknown}
 k - a potion of resistance {unknown}
 o - 4 potions of heal wounds {unknown}
 p - a potion of brilliance {unknown}
 r - 2 potions of might {unknown}
 t - a potion of invisibility {unknown}
 u - a potion of lignification {unknown}
 D - 3 potions of curing
 G - a potion of haste {unknown}
 H - a potion of cancellation {unknown}


   Skills:
 + Level 3.3 Fighting
 + Level 5.6 Short Blades
 + Level 5.3 Dodging
 * Level 14.7 Stealth
 + Level 6.6 Spellcasting
 + Level 0.4 Hexes
 + Level 7.5 Summonings
 + Level 1.3 Air Magic


You had 9 spell levels left.
You knew the following spells:

 Your Spells              Type           Power      Damage    Failure   Level
a - Summon Small Mammal   Summ           100%       N/A       1%          1
b - Call Imp              Summ           40%        N/A       1%          2
c - Call Canine Familiar  Summ           40%        N/A       1%          3
d - Summon Guardian Gole  Hex/Summ       24%        N/A       4%          3
e - Summon Lightning Spi  Summ/Air       26%        N/A       14%         4

Your spell library contained the following spells:

 Spells                   Type           Power      Damage    Failure   Level
 Beastly Appendage        Tmut           14%        N/A       9%          1
 Sublimation of Blood     Necr           7%         N/A       13%         2
 Wereblood                Tmut           7%         N/A       13%         2
 Dazzling Flash           Conj/Hex       16%        N/A       24%         3
 Inner Flame              Hex/Fire       8%         N/A       24%         3
 Portal Projectile        Hex/Tloc       16%        N/A       24%         3
 Spider Form              Tmut/Pois      7%         N/A       26%         3
 Leda's Liquefaction      Hex/Erth       4%         N/A       61%         4
 Flame Wave               Conj/Fire      7%         2d5       63%         4
 Sticky Flame             Conj/Fire      7%         2d3       63%         4
 Silence                  Hex/Air        5%         N/A       85%         5
 Agony                    Necr           7%         N/A       93%         5
 Summon Hydra             Summ           20%        N/A       97%         7
 Conjure Ball Lightning   Conj/Air       5%         3x3d6     100%        6
 Borgnjor's Revivificati  Necr           3%         N/A       100%        8
 Discord                  Hex            4%         N/A       100%        8
 Disjunction              Tloc           3%         N/A       100%        8
 Necromutation            Tmut/Necr      3%         N/A       100%        8
 Death's Door             Necr           3%         N/A       100%        9


Dungeon Overview and Level Annotations

Branches:
Dungeon (9/15)             Temple (1/1) D:6            Lair (0/5) D:8
Ossuary (visited)
    Orc: D:9-12

Altars:
Ashenzari
Cheibriados
Dithmenos
Elyvilon
Fedhas
Gozag
Hepliaklqana
Kikubaaqudgha
Makhleb
Nemelex Xobeh
Okawaru
Qazlal
Ru
Sif Muna
Trog
Uskayaw
Vehumet
Wu Jian
Xom
Yredelemnul
Zin
The Shining One

Shops:
D:2 [   D:8 [

Annotations:
D:4 2 transporters, lunkers's ghost, amateur MeRe
D:7 2 transporters, osoart's ghost, novice GnWn


Innate Abilities, Weirdness & Mutations

You are small and have problems with some larger weapons.
You are completely attuned to the shadows.


Message History

Your hound barely misses the white ugly thing.
The white ugly thing tentacle-slaps your lightning spire but does no damage.
Your hound bites the white ugly thing but does no damage.
Unknown command.
Your hound barely misses the white ugly thing.
The white ugly thing tentacle-slaps your lightning spire but does no damage.
Your lightning spire shoots out a bolt of lightning at the white ugly thing!
The bolt of electricity hits the white ugly thing!
Your hound bites the white ugly thing.
The white ugly thing tentacle-slaps your hound but does no damage.
Your hound bites the white ugly thing but does no damage.
Unknown command.
Your hound bites the white ugly thing.
The white ugly thing tentacle-slaps your lightning spire.
The white ugly thing freezes your lightning spire.
Your lightning spire resists.
Unknown command.
Your lightning spire disappears in a puff of smoke!
Your hound bites the white ugly thing.
The white ugly thing completely misses you.
Your hound bites the white ugly thing.
You hit the white ugly thing. You burn the white ugly thing.
The white ugly thing is heavily wounded.
Your hound bites the white ugly thing but does no damage.
The white ugly thing tentacle-slaps your hound!
Your hound dies!
Your hound's corpse disappears in a puff of smoke!
Unknown command.
Casting: Call Canine Familiar (safe; 1% risk of failure)
Confirm with . or Enter, or press ? or * to list all spells.
The white ugly thing tentacle-slaps you.
The white ugly thing freezes you! You resist.
* * * LOW HITPOINT WARNING * * *
Casting: Call Canine Familiar (safe; 1% risk of failure)
Confirm with . or Enter, or press ? or * to list all spells.
An electric hum fills the air.
The white ugly thing tentacle-slaps you!
* * * LOW HITPOINT WARNING * * *
The white ugly thing freezes you! You resist.
You die...

####.##. ......#
. ....# #.
#.#†.#.#.
##.#..##.# . #.
.......##.##..
#.
.....u.h......
###.
....§@##.###.
....####>#..##.#
(.#
#.......8.....#
#.#
#.#.###.#.....#
#.# ..
##......#####
#.# . #.#(....##
#.#.#
#.#.......#
#>#.#
#..#.<.....#
#.#.#
#.##.......#
#.#.#


You could see a white ugly thing (ally target), a friendly lightning spire
(summoned) and a friendly hound (summoned).

Vanquished Creatures
  An unseen horror (D:8)
  A komodo dragon (D:8)
  Sigmund (D:3)
  An acid dragon (D:9)
  A water moccasin (D:5)
  2 sky beasts (D:7)
  An ice beast (D:8)
  2 black bears (D:6)
  2 centaurs (D:8)
  A kobold brigand (D:7)
  An elf zombie (Ossuary)
  4 bullfrogs
  A gnoll sergeant (D:7)
  A scorpion (D:7)
  10 wights (D:8)
  11 killer bees
  3 howler monkeys (D:9)
  3 jellies
  2 orc priests
  2 iguanas
  3 orc wizards
  10 adders
  7 gnolls
  A shadow imp (D:5)
  A white imp (D:7)
  A worm (D:7)
  4 dart slugs
  13 orcs
  7 endoplasms
  4 giant cockroaches
  7 goblins
  5 hobgoblins
  2 jackals (D:1)
  2 kobolds
  2 quokkas
  7 ball pythons
  4 bats
  2 frilled lizards
  A goblin zombie (D:5)
  3 hobgoblin zombies (Ossuary)
  2 kobold zombies (Ossuary)
  3 orc zombies
  5 rats
147 creatures vanquished.

Vanquished Creatures (collateral kills)
  Pikel (D:4)
  A wyvern (D:9)
  Eustachio (D:4)
  Edmund (D:5)
  An orc warrior (D:7)
  A phantom (D:5)
  2 elf zombies (Ossuary)
  A wight (D:7)
  2 human zombies (Ossuary)
  An orc priest (D:6)
  Ijyb (D:5)
  3 mummies
  8 gnolls
  4 adders
  A dart slug (D:1)
  8 orcs
  A bat (D:1)
  A jackal (D:1)
  3 kobolds
  A quokka (D:1)
  3 ball pythons
  A frilled lizard (D:1)
  A goblin (D:1)
  A goblin zombie (Ossuary)
  5 hobgoblin zombies (Ossuary)
  2 jackal zombies (Ossuary)
  11 kobold zombies (Ossuary)
  6 orc zombies (Ossuary)
  2 rats
75 creatures vanquished.

Vanquished Creatures (others)
  A centaur (D:5)
  An orc wizard (D:5)
  A howler monkey zombie (D:9)
  An orc (D:5)
  3 plants (D:8)
7 creatures vanquished.

Grand Total: 229 creatures vanquished

Notes
Turn   | Place    | Note
-------+----------+-------------------------------------------
     0 | D:1      | LnG the Kobold Summoner began the quest for the Orb.
     0 | D:1      | Reached XP level 1. HP: 10/10 MP: 3/3
   239 | D:1      | Reached XP level 2. HP: 15/15 MP: 5/5
   252 | D:1      | Learned a level 2 spell: Call Imp
   264 | D:1      | Reached skill level 3 in Stealth
   646 | D:1      | Reached XP level 3. HP: 19/19 MP: 6/6
   664 | D:1      | Found a faded altar of an unknown god.
   991 | D:1      | Reached skill level 4 in Stealth
  1162 | D:2      | Reached skill level 1 in Short Blades
  1162 | D:2      | Reached XP level 4. HP: 24/24 MP: 7/7
  1166 | D:2      | Learned a level 3 spell: Call Canine Familiar
  1372 | D:2      | Found Niodghi's Antique Armour Emporium.
  2151 | D:3      | Found a glowing silver altar of Zin.
  2205 | D:3      | Reached skill level 5 in Stealth
  2298 | D:3      | Reached XP level 5. HP: 28/28 MP: 8/8
  2457 | D:3      | Found a large runed translucent door.
  2457 | D:3      | Found a large runed translucent door.
  2547 | D:3      | Noticed Sigmund
  2623 | D:4      | Found a transporter.
  2677 | D:4      | Learned a level 3 spell: Summon Guardian Golem
  2686 | D:4      | Found a transporter.
  2689 | D:4      | Noticed lunkers's ghost (amateur MeRe)
  2816 | D:4      | Noticed a lemure
  2868 | D:3      | Killed Sigmund
  2869 | D:3      | Reached skill level 7 in Stealth
  2869 | D:3      | Reached XP level 6. HP: 33/33 MP: 6/10
  3058 | D:4      | Found a sacrificial altar of Ru.
  3084 | D:4      | Noticed Pikel
  3279 | D:4      | Noticed Eustachio
  3328 | D:5      | Entered Level 5 of the Dungeon
  3502 | D:5      | Found a sand-covered staircase.
  3648 | Ossuary  | Entered an ossuary
  3809 | Ossuary  | Reached skill level 1 in Fighting
  3809 | Ossuary  | Reached XP level 7. HP: 38/38 MP: 11/11
  3838 | Ossuary  | Reached skill level 5 in Summonings
  4428 | D:5      | Reached XP level 8. HP: 27/44 MP: 14/14
  4691 | D:5      | Noticed Ijyb
  4736 | D:5      | Killed Ijyb
  4737 | D:5      | Reached skill level 8 in Stealth
  4932 | D:5      | Learned a level 4 spell: Summon Lightning Spire
  4985 | D:5      | Reached skill level 9 in Stealth
  5306 | D:5      | Noticed Edmund
  5325 | D:5      | Killed Edmund
  5326 | D:5      | Reached skill level 10 in Stealth
  5326 | D:5      | Reached skill level 5 in Spellcasting
  5326 | D:5      | Reached XP level 9. HP: 12/48 MP: 7/16
  5641 | D:6      | Found a staircase to the Ecumenical Temple.
  5647 | Temple   | Entered the Ecumenical Temple
  5733 | Temple   | Became a worshipper of Dithmenos the Shadowed
  6208 | D:6      | Reached skill level 11 in Stealth
  6300 | D:6      | Found an ornate altar of the Wu Jian Council.
  6790 | D:7      | Noticed a moth of wrath
  6811 | D:7      | Found a transporter.
  6813 | D:7      | Found a transporter.
  6841 | D:7      | Noticed osoart's ghost (novice GnWn)
  7202 | D:4      | Killed Eustachio
  7352 | D:4      | Found a shimmering altar of Xom.
  7530 | D:4      | Killed Pikel
  7530 | D:4      | Reached * piety under Dithmenos
  7531 | D:4      | Reached skill level 12 in Stealth
  7531 | D:4      | Reached skill level 1 in Air Magic
  7862 | D:2      | Bought a glowing helmet for 172 gold pieces
  8168 | D:7      | Reached XP level 10. HP: 54/54 MP: 19/19
  8221 | D:7      | Reached skill level 13 in Stealth
  8273 | D:7      | Reached skill level 5 in Short Blades
  8436 | D:7      | Found a stormy altar of Qazlal.
  8525 | D:7      | Found a snail-covered altar of Cheibriados.
  8784 | D:3      | Found an iron altar of Okawaru.
  8795 | D:3      | Found a blossoming altar of Fedhas.
  9376 | D:8      | Reached skill level 5 in Dodging
  9504 | D:8      | Noticed an unseen horror
  9506 | D:8      | Killed an unseen horror
  9519 | D:8      | Found Lyiqacs's Armour Shop.
  9585 | D:8      | Reached skill level 14 in Stealth
  9765 | D:8      | Found a hide-covered altar of Uskayaw.
  9835 | D:8      | Found a staircase to the Lair.
 10041 | D:8      | Noticed a komodo dragon
 10062 | D:8      | Killed a komodo dragon
 10674 | D:9      | Reached ** piety under Dithmenos
 10696 | D:9      | Noticed a white ugly thing
 10709 | D:9      | Mangled by a white ugly thing

Illustrated notes

Levels and vault maps discovered:
D:1:      lemuel_arrival_lava_pool, layout_loops_ring, serial_rivers,
          chequers_serial_rivers_large_a, chequers_serial_rivers_micro_d,
          chequers_serial_rivers_micro_c, chequers_serial_rivers_marsh,
          chequers_serial_rivers_large_b, chequers_serial_rivers_micro_a,
          chequers_ecumenical_altar_simple_redux
D:2:      layout_rooms, serial_shops, nicolae_shop_waterfront, roderic_lattice_a
D:3:      layout_loops_ring, lemuel_crystal_altar, jmf_multi_god_temple2,
          uniq_sigmund
D:4:      layout_rooms, tgw_xom, old_standard_altar, gammafunk_ghost_stat_death,
          bh_walls_and_bars, uniq_pikel, uniq_eustachio
D:5:      layout_rooms, nicolae_ossuary_entry_giza, uniq_ijyb, uniq_edmund
D:6:      layout_loops_ring, nzn_wu_jian_council_hall,
          minmay_temple_entry_antechambers
D:7:      layout_basic, chei_slow_surprise, nicolae_qazlal_eye_of_the_storm,
          gammafunk_ghost_wrathful_warriors
D:8:      layout_cave_pools, lemuel_round_altar, david_lair_shrubbed,
          serial_shops, shop
D:9:      layout_loops_ring, zombieorc1_lemuel, uniq_amaemon
Temple:   nicolae_temple_god_jail

Skill      XL: |  1  2  3  4  5  6  7  8  9 10 |
---------------+-------------------------------+-----
Stealth        | 3 4 5 7 10 12 14 | 14.7
Short Blades   | 1 2 3 4 5 |  5.6
Dodging        | 3 4 5 |  5.3
Spellcasting   | 3 4 5 6 |  6.6
Fighting       | 1 2 3 |  3.3
Summonings     | 5 6 7 |  7.5
Air Magic      | 1 |  1.3
Hexes          | |  0.4

Action                   |  1- 3 |  4- 6 |  7- 9 | 10-12 || total
-------------------------+-------+-------+-------+-------++-------
Melee: Unarmed           |    12 |       |       |       ||    12
       Dagger            |    64 |   137 |   286 |   115 ||   602
       Punch             |       |     4 |     8 |     1 ||    13
 Cast: Summon Small Mamm |    16 |    11 |     6 |       ||    33
       Call Imp          |     2 |    13 |    11 |     5 ||    31
       Call Canine Famil |       |    13 |    17 |    11 ||    41
       Summon Guardian G |       |     2 |     2 |       ||     4
       Summon Lightning  |       |       |     4 |     4 ||     8
Evoke: Wand              |       |       |       |     1 ||     1
  Use: Scroll            |       |     6 |     4 |     1 ||    11
       Potion            |       |     2 |     7 |       ||     9
 Stab: Sleeping          |    13 |    21 |    26 |    23 ||    83
       Distracted        |     2 |     2 |     8 |       ||    12
Armor: Robe              |    18 |    26 |    31 |    13 ||    88
Dodge: Dodged            |    64 |   130 |   154 |    82 ||   430

Table legend: (Time is in decaauts)
 A = Elapsed time spent in this place.
 B = Non-inter-level travel time spent in this place.
 C = Inter-level travel time spent in this place.
 D = Time resting spent in this place.
 E = Time spent auto-exploring this place.
 F = Levels seen in this place.
 G = Mean time per level.
                   A        B        C        D        E       F      G
               +--------+--------+--------+--------+--------+-----+--------+
         Total |  10698 |   9534 |   1164 |   1994 |   3664 |  11 |  972.5 |
       Dungeon |   9914 |   8767 |   1147 |   1687 |   3594 |   9 | 1101.6 |
        Temple |     98 |     81 |     17 |      0 |     70 |   1 |   98.0 |
       Ossuary |    685 |    685 |      0 |    307 |      0 |   1 |  685.0 |
               +--------+--------+--------+--------+--------+-----+--------+

Top non-repeatable levels by time:
     D:4: 1468 daAuts
     D:8: 1391 daAuts
     D:5: 1362 daAuts
     D:6: 1309 daAuts
     D:1: 1208 daAuts
     D:7: 1100 daAuts
     D:3: 1016 daAuts
     D:2: 844 daAuts
 Ossuary: 685 daAuts
     D:9: 214 daAuts
  Temple: 98 daAuts
